 Dungeon Crawl Stone Soup version 0.30-a0-748-ge6a52f7cba (webtiles) character file.

Game seed: 849971399014963291

165 oldmanjim the Magician (level 5, -4/39 HPs)
             Began as a Djinni Conjurer on Feb 8, 2023.
             Slain by a water moccasin (7 damage)
             ... on level 4 of the Dungeon.
             The game lasted 00:09:43 (3202 turns).

oldmanjim the Magician (Djinni Conjurer)            Turns: 3202, Time: 00:09:44

Health: -4/39      AC:  3    Str:  6    XL:     5   Next: 75%
Gold:   151        EV: 13    Int: 21    God:
                   SH:  0    Dex: 12

rFire   + + .      SeeInvis .    p - +1 whip (elec)
rCold   x . .      Faith    .    (no shield)
rNeg    . . .      Spirit   .    a - +0 robe
rPois   ∞          Reflect  .    (no helmet)
rElec   .          Harm     .    (no cloak)
rCorr   .          Rampage  .    i - +0 pair of gloves
Will    .....                    (boots unavailable)
Stlth   ++                       (no amulet)
HPRegen 0.26/turn                (no ring)
MPRegen 0.00/turn                (no ring)

@: weak-willed, flying, very slightly contaminated
A: sickness immunity, fire resistance 2, cold vulnerability 1, float, innate
caster, HP casting, extra vitality 1
a: no special abilities


You were on level 4 of the Dungeon.
You visited 1 branch of the dungeon, and saw 4 of its levels.

You collected 151 gold pieces.

Inventory:

Hand Weapons
 p - a +1 whip of electrocution (weapon)
Missiles
 d - 25 stones
 q - 4 boomerangs
Armour
 a - a +0 robe (worn)
 h - a +2 tower shield
 i - a +0 pair of gloves (worn)
Jewellery
 r - a +6 ring of dexterity
Scrolls
 n - a scroll of immolation
 o - 2 scrolls of identify
 v - a scroll of enchant armour {unknown}
Potions
 b - a potion of magic
 e - 3 potions of curing
 f - 2 potions of mutation {unknown}
 g - a potion of degeneration {unknown}
 l - a potion of flight {unknown}
 m - a potion of haste {unknown}
 s - a potion of cancellation {unknown}
 t - a potion of brilliance {unknown}
 u - a potion of berserk rage {unknown}


   Skills:
 + Level 2.7 Fighting
 + Level 3.9 Dodging
 - Level 1.5 Stealth
 + Level 4.0 Spellcasting


You couldn't memorise any spells.
You knew the following spells:

 Your Spells              Type           Power      Damage    Failure   Level
a - Magic Dart            Conj           84%        1d7       2%          1
b - Searing Ray           Conj           42%        2d6       3%          2
c - Dazzling Flash        Conj/Hex       42%        N/A       7%          3
d - Fulminant Prism       Conj/Hex       10%        3d8       22%         4
e - Iskenderun's Mystic   Conj/Tloc      21%        2d6       22%         4
f - Slow                  Hex            84%        N/A       2%          1
g - Static Discharge      Conj/Air       42%        2-4/arc   3%          2
Your spell library was empty.

Dungeon Overview and Level Annotations

Branches:
Dungeon (4/15)
 Temple: D:4-7

Altars:


Innate Abilities, Weirdness & Mutations

You are immune to sickness and miasma.
You are immune to poison.
Your flesh is very heat resistant. (rF++)
You are vulnerable to cold. (rC-)
You float through the air rather than walking.
You learn spells naturally, not from books.
Your magical power is your life essence.
You have superior vitality. (+4 MHP)


Message History

The blast of energy engulfs you!
Casting: Fulminant Prism (quite dangerous; 22% risk of failure)
Confirm with . or Enter, or press ? or * to list all spells.
The spell is quite dangerous to miscast (22% risk of failure)!
Continue anyway? [Y]es or [N]o only, please.
The spell is quite dangerous to miscast (22% risk of failure)!
Continue anyway?
You miscast Iskenderun's Mystic Blast.
You are very lightly contaminated with residual magic.
You feel a strange surge of energy!
* * * LOW HITPOINT WARNING * * *
x2 The water moccasin barely misses you.
Casting: Iskenderun's Mystic Blast (quite dangerous; 22% risk of failure)
Confirm with . or Enter, or press ? or * to list all spells.
The spell is quite dangerous to miscast (22% risk of failure)!
Continue anyway? [Y]es or [N]o only, please.
The spell is quite dangerous to miscast (22% risk of failure)!
Continue anyway?
You erupt in a blast of force!
The mystic blast hits the water moccasin.
The water moccasin is heavily wounded.
* * * LOW HITPOINT WARNING * * *
The water moccasin barely misses you. x2
As you read the scroll labelled KOIFFUACUKK, it crumbles to dust.
It is a scroll of identify.
e - 3 potions of curing The water moccasin barely misses you.
As you read the scroll labelled WEYSUK BIUC, it crumbles to dust.
The creatures around you are filled with an inner flame!
It was a scroll of immolation.
The water moccasin misses you.
As you read the scroll labelled OGRAAJ FIPEMEE, it crumbles to dust.
Magic quickly surges around you.
It was a scroll of vulnerability.
The water moccasin misses you. The water moccasin closely misses you.
As you read the scroll labelled KANINN NAUB, it crumbles to dust.
You feel aware of your surroundings.
You sensed 4 altars.
It was a scroll of magic mapping.
A quokka comes into view.
The water moccasin barely misses you.
The air fills with toxic fumes!
As you read the scroll labelled GIOZXY DYEL, it crumbles to dust.
It was a scroll of poison.
The water moccasin bites you!
You die...

*,********* *,* *, *,*
*,******, *,* *,,,,,,,, *,*
********* ******,* ,,,,,..#
#########********* .###*#.#
#######§§.....#,,,,,,,,,
,...*#.#
#§§§§§§§#####.#,*****,*,
.##.##.###.#####@#####†#,* *,*,
........##.# #§§S§§§##.#,*
***,*, **#......#.#
#§#§##§##.#,* *,,,,,
#.#...##.###§#§§..§§.#,* *,*>*,
#..........§.#§##.####,***,*,*,
####.###..§§.§§§#.####...,,,,,,
#.# #######§§....$..#**,*,,,
##'## #r#.#.#.#.# *,****
##...## #...,?....***,****


You could see a water moccasin (inner flame, weak-willed) and a quokka
(wandering).

Vanquished Creatures
  2 iguanas (D:4)
  3 adders
  3 worms
  2 orcs
  3 bats
  7 endoplasms
  3 giant cockroaches
  8 goblins
  8 hobgoblins
  7 jackals
  7 kobolds
  2 quokkas
  10 ball pythons
  A frilled lizard (D:1)
  3 rats
69 creatures vanquished.

Vanquished Creatures (others)
  2 fulminant prisms (D:4)
  4 plants (D:2)
6 creatures vanquished.

Grand Total: 75 creatures vanquished

Notes
Turn   | Place    | Note
-------+----------+-------------------------------------------
     0 | D:1      | oldmanjim the Djinni Conjurer began the quest for the Orb.
     0 | D:1      | oldmanjim set off with the following spells memorised:
                  | Magic Dart, Searing Ray, Dazzling Flash, Fulminant Prism,
                  | Iskenderun's Mystic Blast.
     0 | D:1      | Reached XP level 1. HP: 15/15 MP: 0/0
   167 | D:1      | Reached XP level 2. HP: 18/22 MP: 0/0
   382 | D:1      | Reached skill level 1 in Fighting
   520 | D:1      | Reached XP level 3. HP: 25/27 MP: 0/0
   520 | D:1      | Learned a level 1 spell: Slow
   605 | D:1      | Found a faded altar of an unknown god.
   992 | D:2      | You are sucked into a shaft and drop 2 floors!
  1205 | D:2      | Reached XP level 4. HP: 32/33 MP: 0/0
  2724 | D:3      | Reached XP level 5. HP: 36/38 MP: 0/0
  2724 | D:3      | Learned a level 2 spell: Static Discharge
  3153 | D:4      | Reached skill level 4 in Spellcasting
  3186 | D:4      | Noticed a water moccasin
  3202 | D:4      | Slain by a water moccasin

Illustrated notes

Levels and vault maps discovered:
D:1:      minmay_arrival_radiant_lines, layout_loops_ring,
          dreamdust_ecumenical_altar_hidden_monk_grotto
D:2:      layout_basic, minmay_shallow_snake_nest
D:3:      layout_basic
D:4:      layout_loops_corners, nicolae_wu_jian_immortal_techniques,
          grunt_temple_overflow_open, st_stairs_2, uniq_edmund

Skill      XL: |  1  2  3  4  5 |
---------------+----------------+-----
Fighting       | 1 2 |  2.7
Dodging        | 3 |  3.9
Spellcasting   | 4 |  4.0
Stealth        | |  1.5

Action                     |  1- 3 |  4- 6 || total
---------------------------+-------+-------++-------
   Cast: Magic Dart        |    71 |    96 ||   167
         Searing Ray       |       |     6 ||     6
         Fulminant Prism   |       |     2 ||     2
         Iskenderun's Myst |       |     1 ||     1
         Dazzling Flash    |       |     1 ||     1
    Use: Scroll            |       |     5 ||     5
 Armour: Robe              |     2 |     5 ||     7
  Dodge: Dodged            |     3 |    30 ||    33

Table legend: (Time is in decaauts)
 A = Elapsed time spent in this place.
 B = Non-inter-level travel time spent in this place.
 C = Inter-level travel time spent in this place.
 D = Time resting spent in this place.
 E = Time spent auto-exploring this place.
 F = Levels seen in this place.
 G = Mean time per level.
                   A        B        C        D        E       F      G
               +--------+--------+--------+--------+--------+-----+--------+
         Total |   3200 |   3015 |    185 |      0 |   2665 |   4 |  800.0 |
       Dungeon |   3200 |   3015 |    185 |      0 |   2665 |   4 |  800.0 |
               +--------+--------+--------+--------+--------+-----+--------+

Top non-repeatable levels by time:
     D:3: 1060 daAuts
     D:2: 1013 daAuts
     D:1: 927 daAuts
     D:4: 200 daAuts
